 Dungeon Crawl Stone Soup version 0.21.1-1-g345015f (webtiles) character file.

381 stinkbear the Skirmisher (level 6, -4/56 HPs)
             Began as a Hill Orc Fighter on July 27, 2018.
             Killed by divine providence
             ... invoked by an orc priest
              (12 damage)
             ... on level 4 of the Dungeon.
             The game lasted 00:10:38 (3212 turns).

stinkbear the Skirmisher (Hill Orc Fighter)         Turns: 3212, Time: 00:10:39

Health: -4/56      AC:  7    Str: 21    XL:     6   Next: 75%
Magic:  6/6        EV:  8    Int:  8    God:
Gold:   194        SH:  9    Dex: 10    Spells: 5/5 levels left

rFire    . . .     SeeInvis .   a - +0 long sword
rCold    . . .     Gourm    .   c - +0 shield
rNeg     . . .     Faith    .   b - +0 scale mail
rPois    .         Spirit   .   (no helmet)
rElec    .         Reflect  .   (no cloak)
rCorr    .         Harm     .   (no gloves)
MR       .....                  (no boots)
Stlth    ..........             (no amulet)
HPRegen  0.18/turn              (no ring)
MPRegen  0.10/turn              (no ring)

@: very slightly contaminated
A: no striking features
a: Convert to Beogh


You were on level 4 of the Dungeon.
You were not hungry.

You visited 1 branch of the dungeon, and saw 4 of its levels.
You also visited: Sewer.

You collected 194 gold pieces.

Inventory:

Hand Weapons
 a - a +0 long sword (weapon)
 r - a +0 rapier
Armour
 b - a +0 scale mail (worn)
 c - a +0 shield (worn)
 y - a +0 helmet
Jewellery
 k - an uncursed ring of stealth {unknown}
 n - an uncursed ring of see invisible {unknown}
 p - an uncursed ring of ice {unknown}
 w - an uncursed ring of poison resistance {unknown}
Wands
 A - a wand of flame (18)
Scrolls
 j - a scroll of teleportation {unknown}
 o - 2 scrolls of remove curse {unknown}
 s - a scroll of enchant armour {unknown}
 x - a scroll of fog {unknown}
Potions
 d - 2 potions of might
 e - a potion of degeneration {unknown}
 h - 2 potions of agility {unknown}
 i - a potion of flight {unknown}
 t - 3 potions of curing {unknown}
 v - a potion of cancellation {unknown}
Miscellaneous
 q - a crystal ball of energy
Comestibles
 f - 3 rations


   Skills:
 * Level 5.4 Fighting
 * Level 4.1 Long Blades
 + Level 1.8 Throwing
 + Level 4.2 Armour
 + Level 1.5 Dodging
 + Level 4.1 Shields


You had 5 spell levels left.
You didn't know any spells.

Dungeon Overview and Level Annotations

Branches:
Dungeon (4/15)
 Temple: D:4-7

Altars:
Dithmenos


Message History

Okay, then.
Tossing away (i - inventory):
l - a falchion of draining
Press: ? - help, Shift-Dir - straight line, f - orc wizard
Aim: an orc wizard, wielding a dagger and wearing a robe (moderately wounded, fast)
You toss away a falchion of draining.
The falchion of draining hits the orc wizard but does no damage.
The orc wizard is moderately wounded.
The orc wizard barely misses you. You block the orc wizard's attack.
You hit the orc wizard.
The orc wizard is moderately wounded.
The orc wizard hits you but does no damage. x2
You hit the orc wizard but do no damage.
The orc wizard is moderately wounded.
You feel yourself speed up.
The orc wizard hits you but does no damage. x2
The orc wizard closely misses you.
You riposte.
You hit the orc wizard.
The orc wizard is severely wounded.
The orc priest invokes the aid of Beogh against you.
Beogh smites you!
You die...

....... #......... ##.........
.....# #..<....... .....##
#.......... ......# ##..........
......## ###........... .......#
#####ooo........#####
.......######...@##....#####.....
......###....##########........#
..........#### ###...####
...#......# ##.## ### ####......#
##.###.. ##.....# #..#..)
#.....## ##..... ##.....# ##....
#.....# ##...


You could see an orc priest, an orc wizard and an orc.

Vanquished Creatures
  2 bullfrogs (Sewer)
  2 orc wizards
  Robin (D:4)
  6 adders
  A river rat (D:3)
  2 worms (D:3)
  2 dart slugs (D:1)
  4 leopard geckos
  13 orcs
  8 giant cockroaches
  16 goblins
  14 hobgoblins
  3 kobolds
  2 quokkas
  A ball python (D:3)
  9 bats
  8 frilled lizards
  5 rats
99 creatures vanquished.

Vanquished Creatures (others)
  An orc wizard (D:4)
1 creature vanquished.

Grand Total: 100 creatures vanquished

Notes
Turn   | Place    | Note
-------+----------+-------------------------------------------
     0 | D:1      | stinkbear the Hill Orc Fighter began the quest for the Orb.
     0 | D:1      | Reached XP level 1. HP: 19/19 MP: 1/1
   102 | D:1      | Reached XP level 2. HP: 20/27 MP: 2/2
   371 | D:1      | Reached skill level 4 in Fighting
   371 | D:1      | Reached XP level 3. HP: 33/33 MP: 3/3
   719 | D:2      | Reached XP level 4. HP: 25/41 MP: 4/4
  1283 | D:3      | Found a glowing drain.
  1295 | D:3      | Reached skill level 1 in Throwing
  1295 | D:3      | Reached XP level 5. HP: 20/47 MP: 5/5
  1378 | Sewer    | Entered a sewer
  1415 | Sewer    | Reached skill level 1 in Dodging
  2023 | Sewer    | Reached skill level 5 in Fighting
  2023 | Sewer    | Reached XP level 6. HP: 18/56 MP: 6/6
  2635 | D:3      | Found a shadowy altar of Dithmenos.
  2983 | D:4      | Noticed Robin
  3010 | D:4      | Killed Robin
  3212 | D:4      | Killed from afar by an orc priest

Skill      XL: |  1  2  3  4  5  6 |
---------------+-------------------+-----
Fighting       | 4 5 |  5.4
Long Blades    | 3 4 |  4.1
Throwing       | 1 |  1.8
Dodging        | 1 |  1.5
Armour         | 4 |  4.2
Shields        | 4 |  4.1

Action                   |  1- 3 |  4- 6 || total
-------------------------+-------+-------++-------
Melee: Long sword        |    89 |   244 ||   333
Throw: Tomahawk          |       |     7 ||     7
  Use: Scroll            |       |     3 ||     3
  Eat: Chunk             |       |     8 ||     8
Armor: Scale mail        |    32 |   100 ||   132
Dodge: Dodged            |    23 |    74 ||    97
Block: Shield            |    47 |   124 ||   171
       Rpst.: Long sword |     7 |    25 ||    32
